 Dungeon Crawl Stone Soup version 0.30-b1-2-g02819fbbbe (webtiles) character file.

Game seed: 10882375108341004302

54 Metae the Trooper (level 3, -5/33 HPs)
             Began as a Minotaur Fighter on June 28, 2023.
             Slain by Sigmund
             ... wielding a +0 scythe
              (7 damage)
             ... on level 3 of the Dungeon.
             The game lasted 00:02:24 (1885 turns).

Metae the Trooper (Minotaur Fighter)                Turns: 1885, Time: 00:02:24

Health: -5/33      AC:  9    Str: 22    XL:     3   Next: 66%
Magic:  2/2        EV:  8    Int:  5    God:
Gold:   138        SH:  4    Dex:  9    Spells: 2/2 levels left

rFire   . . .        a - +0 rapier
rCold   . . .        c - +0 buckler
rNeg    . . .        e - +0 chain mail
rPois   .            (helmet restricted)
rElec   .            (no cloak)
rCorr   .            (no gloves)
SInv    .            (no boots)
Will    .....        (no amulet) Stlth
                     (no ring)
HPRegen 0.25/turn    (no ring)
MPRegen 0.08/turn

%: no passive effects
@: mighty, flying
A: horns 2, retaliatory headbutt
a: no special abilities


You were on level 3 of the Dungeon.
You visited 1 branch of the dungeon, and saw 3 of its levels.

You collected 138 gold pieces.

Inventory:

Hand Weapons
 a - a +0 rapier (weapon)
Armour
 b - a +0 scale mail
 c - a +0 buckler (worn)
 e - a +0 chain mail (worn)
Scrolls
 g - a scroll of teleportation {unknown}
 h - a scroll of identify {unknown}
 j - a scroll of poison {unknown}
 o - a scroll of enchant weapon {unknown}
Potions
 d - a potion of might
 f - 2 potions of heal wounds {unknown}
 i - a potion of flight
 k - 2 potions of lignification {unknown}
 l - a potion of curing {unknown}
 m - 2 potions of berserk rage {unknown}
 n - a potion of magic {unknown}


   Skills:
 + Level 4.1 Fighting
 + Level 2.7 Short Blades
 + Level 4.1 Armour
 + Level 1.4 Dodging
 + Level 4.1 Shields


You had 2 spell levels left.
You didn't know any spells.
Your spell library contained the following spells:

 Spells                   Type           Power      Damage    Failure   Level
 Summon Guardian Golem    Hex/Summ       0%         N/A       100%        3
 Orb of Destruction       Conj           0%         9d5       100%        7
 Spellforged Servitor     Conj/Summ      0%         N/A       100%        7


Dungeon Overview and Level Annotations

Branches:
Dungeon (3/15)

Altars:

Annotations:
D:3 Sigmund


Innate Abilities, Weirdness & Mutations

You have a pair of horns on your head.
You reflexively headbutt those who attack you in melee.


Message History

Sigmund points at you and mumbles some strange words.
The puff of flame hits you.
You're too confused to move!
Sigmund casts a spell.
Sigmund flickers and vanishes!
Deactivating autopickup; reactivate with Ctrl-A.
You miss something. Your headbutt misses something.
Something hits you but does no damage.
You're too confused to move!
Something hits you.
You bump into the rock wall.
You bump into the rock wall.
You hear some strange, mumbled words.
You are more confused.
You bump into the rock wall.
You hear some strange, mumbled words.
A puff of flame appears from out of thin air!
The puff of flame hits you.
You bump into the rock wall.
Something hits you.
You bump into the rock wall.
You hear some strange, mumbled words.
A magic dart appears from out of thin air!
The magic dart hits you.
* * * LOW HITPOINT WARNING * * *
You bump into the rock wall.
Something hits you.
* * * LOW HITPOINT WARNING * * *
You bump into the rock wall.
You miss something. Something hits you but does no damage.
You bump into the rock wall.
Something hits you but does no damage.
You barely miss something. Your headbutt misses something.
You feel less confused.
You hit something. Your headbutt misses something.
You block something's attack.
You closely miss something. Something hits you.
* * * LOW HITPOINT WARNING * * *
You barely miss something.
It was a potion of flight.
You feel very buoyant.
You fly up into the air.
You block something's attack. Something hits you!
You die...

####.#.#.#.......##
..................#
...........#####.##
####...#<.## #.#
.......#..# #.#
########..# #.#
...# #.# .... #.#
.##### #@# . #.# #.
#{# #K# #..K....#
#.#######


You could see a kobold.

Vanquished Creatures
  An adder (D:2)
  4 bats
  An endoplasm (D:2)
  5 giant cockroaches
  11 goblins
  5 hobgoblins
  A kobold (D:1)
  6 ball pythons
  2 frilled lizards (D:1)
  2 rats
38 creatures vanquished.

Notes
Turn   | Place    | Note
-------+----------+-------------------------------------------
     0 | D:1      | Metae the Minotaur Fighter began the quest for the Orb.
     0 | D:1      | Reached XP level 1. HP: 19/19 MP: 0/0
   250 | D:1      | Reached XP level 2. HP: 23/27 MP: 1/1
  1015 | D:2      | Reached skill level 1 in Dodging
  1191 | D:2      | Reached XP level 3. HP: 24/33 MP: 2/2
  1853 | D:3      | Noticed Sigmund
  1876 | D:3      | HP: 1/33 [something (4)]
  1882 | D:3      | HP: 1/33 [something (2)]
  1885 | D:3      | Slain by Sigmund

Illustrated notes

Levels and vault maps discovered:
D:1:      reono_arrival_forest_river, layout_loops_corners,
          ebering_dispersal_statue_hall, minmay_shallow_snake_nest
D:2:      kennysheep_the_goblin_king, layout_basic
D:3:      layout_basic, serial_corexii_hall, corexii_hall_statues_i,
          corexii_hall_statues_i, corexii_hall_statues_x,
          chequers_hall_statues_wall_a, uniq_sigmund, uniq_grinder

Skill      XL: |  1  2 |
---------------+-------+-----
Dodging        | 1 |  1.4
Fighting       | 4 |  4.1
Armour         | 4 |  4.1
Shields        | 4 |  4.1
Short Blades   | |  2.7

Action                     || total
---------------------------++-------
  Melee: Rapier            ||    84
         Headbutt          ||    10
    Use: Potion            ||     2
 Armour: Scale mail        ||     6
         Chain mail        ||    32
  Dodge: Dodged            ||    28
  Block: Buckler           ||    19
